 Dungeon Crawl Stone Soup version 0.28-a0-312-gbced6e68ee (webtiles) character file.

Game seed: 14900356406786386428

1 frimble the Magician (level 1, -2/20 HPs)
             Began as a Gnoll Wanderer on Aug 31, 2021.
             Slain by a ball python (3 damage)
             ... on level 1 of the Dungeon.
             The game lasted 00:00:12 (39 turns).

frimble the Magician (Gnoll Wanderer)                 Turns: 39, Time: 00:00:12

Health: -2/20      AC:  2    Str: 12    XL:     1   Next: 20%
Magic:  5/6        EV: 11    Int: 10    God:
Gold:   17         SH:  0    Dex: 11    Spells: 8/9 levels left

rFire   . . .      SeeInvis .   a - +2 mace
rCold   . . .      Faith    .   (no shield)
rNeg    . . .      Spirit   .   c - +0 robe
rPois   .          Reflect  .   (no helmet)
rElec   .          Harm     .   (no cloak)
rCorr   .          Rampage  .   (no gloves)
Will    .....                   (no boots)
Stlth   +.........              (no amulet)
HPRegen 0.06/turn               (no ring)
MPRegen 0.10/turn               (no ring)

@: no status effects
A: fangs 1, strong nose, distributed training
a: no special abilities


You were on level 1 of the Dungeon.
You visited 1 branch of the dungeon, and saw 1 of its levels.

You collected 17 gold pieces.

Inventory:

Hand Weapons
 a - a +2 mace (weapon)
Armour
 c - a +0 robe (worn)
Scrolls
 b - a scroll of teleportation


   Skills:
 + Level 4.4 Fighting
 + Level 0.0 Short Blades
 + Level 0.0 Long Blades
 + Level 0.0 Axes
 + Level 4.4 Maces & Flails
 + Level 0.0 Polearms
 + Level 0.0 Staves
 + Level 0.0 Slings
 + Level 0.0 Bows
 + Level 0.0 Crossbows
 + Level 2.3 Throwing
 + Level 2.3 Armour
 + Level 0.0 Dodging
 + Level 0.0 Stealth
 + Level 0.0 Shields
 + Level 0.0 Unarmed Combat
 + Level 4.8 Spellcasting
 + Level 0.0 Conjurations
 + Level 0.0 Hexes
 + Level 0.0 Summonings
 + Level 0.0 Necromancy
 + Level 0.0 Translocations
 + Level 0.0 Transmutations
 + Level 1.9 Fire Magic
 + Level 0.0 Ice Magic
 + Level 0.0 Air Magic
 + Level 0.0 Earth Magic
 + Level 0.0 Poison Magic
 + Level 0.0 Invocations
 + Level 2.3 Evocations


You had 8 spell levels left.
You knew the following spells:

 Your Spells              Type           Power      Damage    Failure   Level
a - Sting                 Tmut/Pois      8%         1d3       24%         1

Your spell library contained the following spells:

 Spells                   Type           Power      Damage    Failure   Level
 Spider Form              Tmut/Pois      1%         N/A       56%         3


Dungeon Overview and Level Annotations

Branches:
Dungeon (1/15)

Altars:


Innate Abilities, Weirdness & Mutations

You have very sharp teeth.
Your uncanny sense of smell can sniff out nearby items.
Your experience applies equally to all skills.


Message History

You are too injured to fight recklessly!
You are too injured to fight recklessly!
You are too injured to fight recklessly!
You hit the hobgoblin but do no damage.
The hobgoblin is severely wounded.
The ball python bites you but does no damage.
The ball python constricts you.
The hobgoblin hits you but does no damage.
The ball python bites you but does no damage.
The ball python constricts you.
You hit the hobgoblin but do no damage.
The hobgoblin is severely wounded.
The ball python bites you. The ball python constricts you.
The hobgoblin hits you.
You barely miss the hobgoblin.
The hobgoblin is severely wounded.
The ball python bites you.
* * * LOW HITPOINT WARNING * * *
The ball python constricts you.
* * * LOW HITPOINT WARNING * * *
The hobgoblin hits you.
* * * LOW HITPOINT WARNING * * *
The ball python bites you.
* * * LOW HITPOINT WARNING * * *
The ball python constricts you.
You escape the ball python's grasp.
You hit the hobgoblin.
You kill the hobgoblin!
The ball python barely misses you. The ball python grabs you.
The ball python constricts you.
You escape the ball python's grasp.
Casting: Sting (safe; 24% risk of failure)
Confirm with . or Enter, or press ? or * to list all spells.
Aiming: Sting (safe; 24% risk of failure)
Press: ? - help, Shift-Dir - straight line, f - ball python
Aim: a ball python (60% to hit)
The sting hits the ball python.
The ball python is poisoned.
The ball python is severely wounded.
The ball python bites you.
You die...

∆ #### # #≈≈≈### .#
#≈≈≈≈## .. #≈≈≈≈## .#.#.
######≈≈≈≈########......
#>.....≈≈≈≈...@S.....#
#.......≈≈≈.............
#.......≈≈≈............#
#.......≈≈≈≈............
#.......≈≈≈≈.......##...
#.......≈≈≈≈.......# ..
#........≈≈≈.......# .
#........≈≈≈.........
#<.......≈≈≈≈........


You could see a ball python (poisoned).

Vanquished Creatures
  A hobgoblin (D:1)
1 creature vanquished.

Notes
Turn   | Place    | Note
-------+----------+-------------------------------------------
     0 | D:1      | frimble the Gnoll Wanderer began the quest for the Orb.
     0 | D:1      | frimble set off with the following items: a +2 mace, a
                  | scroll of teleportation, a +0 robe; and the following spell
                  | memorised: Sting; and the following spells available to
                  | memorise: Spider Form
     0 | D:1      | Reached XP level 1. HP: 20/20 MP: 6/6
    35 | D:1      | HP: 1/20 [ball python (1)]
    39 | D:1      | Slain by a ball python

Illustrated notes

Levels and vault maps discovered:
D:1:      lemuel_arrival_river_ford, layout_basic,
          hellmonk_ecumenical_altar_pennies_from_heaven

Action                   || total
-------------------------++-------
Melee: Mace              ||    10
       Bite              ||     1
 Cast: Sting             ||     1
Armor: Robe              ||     5
Dodge: Dodged            ||    10

Table legend: (Time is in decaauts)
 A = Elapsed time spent in this place.
 B = Non-inter-level travel time spent in this place.
 C = Inter-level travel time spent in this place.
 D = Time resting spent in this place.
 E = Time spent auto-exploring this place.
 F = Levels seen in this place.
 G = Mean time per level.
                   A        B        C        D        E       F      G
               +--------+--------+--------+--------+--------+-----+--------+
         Total |     43 |     43 |      0 |      0 |     25 |   1 |   43.0 |
       Dungeon |     43 |     43 |      0 |      0 |     25 |   1 |   43.0 |
               +--------+--------+--------+--------+--------+-----+--------+

Top non-repeatable levels by time:
     D:1: 43 daAuts
